 Dungeon Crawl Stone Soup version 0.20-a0-689-g860b9ab (webtiles) character file.

21111 polly the Blocker (level 12, 0/76 HPs)
             Began as a Gargoyle Fighter on Feb 20, 2017.
             Was the Champion of Okawaru.
             Shot with an arrow by a centaur (9 damage)
             ... on level 12 of the Dungeon.
             The game lasted 00:28:32 (17177 turns).

polly the Blocker (Gargoyle Fighter)               Turns: 17177, Time: 00:28:33

Health: 0/76       AC:  0    Str: 22    XL:     12   Next: 86%
Magic:  6/12       EV: 15    Int:  9    God:    Okawaru [******]
Gold:   466        SH:  0    Dex: 12    Spells: 11/11 levels left

rFire    . . .     SeeInvis .   (weapon currently unavailable)
rCold    . . .     Gourm    .   (armour currently unavailable)
rNeg     + . .     Faith    .   (shield currently unavailable)
rPois    ∞         Spirit   .   (helmet currently unavailable)
rElec    .         Reflect  .   (cloak currently unavailable)
rCorr    .         Harm     .   (gloves currently unavailable)
MR       .....                  (boots currently unavailable)
Stlth    +.........             (no amulet)
Regen    0.3/turn               (ring currently unavailable)
MPRegen  0.2/turn               (ring currently unavailable)

@: pig-form, very quick
A: negative energy resistance 1, (electricity resistance), (unbreathing),
petrification resistance, rot immunity, AC +8
a: Heroism, Finesse, Renounce Religion


You were on level 12 of the Dungeon.
You worshipped Okawaru.
Okawaru was exalted by your worship.
You were not hungry.
You were a filthy swine.
You visited 2 branches of the dungeon, and saw 14 of its levels.
You also visited: Labyrinth.

You collected 679 gold pieces.
You spent 213 gold pieces at shops.

Inventory:

Hand Weapons
 l - a +0 whip of freezing (melded)
Armour
 c - a +0 shield (melded)
 g - a +1 helmet (melded)
 k - a +0 cloak (melded)
 p - the +0 pair of gloves of Levity (melded) {rN+ MP-9 Int+3 Stlth+}
   (Okawaru gifted it to you on level 12 of the Dungeon)

   It affects your intelligence (+3).
   It protects you from negative energy.
   It affects your magic capacity (-9).
   It makes you more stealthy.
 y - a +0 plate armour (melded)
Jewellery
 a - the amulet "Jilocris" {RegenMP rPois Int+4, unknown}
   (You found it in a labyrinth)

   [amulet of magic regeneration]

   It increases your magic regeneration.
   It affects your intelligence (+4).
   It protects you from poison.
 s - a +2 ring of protection (melded)
 v - the ring of Paume {MR+ Dex+2, unknown}
   (You found it in a labyrinth)

   [ring of protection from magic]

   It affects your dexterity (+2).
   It affects your resistance to hostile enchantments.
Wands
 i - a wand of iceblast (6/15)
 M - a wand of random effects (19/48)
 O - a wand of flame (25/48)
 R - a wand of digging (16/24)
Scrolls
 e - 6 scrolls of amnesia
 h - 5 scrolls of enchant armour
 j - a scroll of magic mapping {unknown}
 n - a scroll of teleportation
 o - 8 scrolls of remove curse
 t - 2 scrolls of enchant weapon
 u - 2 scrolls of blinking
 w - 2 scrolls of immolation
 I - a scroll of summoning {unknown}
 L - a scroll of recharging {unknown}
 P - a scroll of vulnerability {unknown}
 Q - 2 scrolls of fear
 S - a scroll of acquirement {unknown}
 X - a scroll of fog {unknown}
 Y - a scroll of noise {unknown}
Potions
 d - a potion of might
 m - a potion of curing
 q - 2 potions of magic
 r - 2 potions of brilliance
 x - 4 potions of resistance
 z - 4 potions of heal wounds
 A - 2 potions of ambrosia
 B - a potion of invisibility
 D - a potion of haste {unknown}
 E - a potion of agility {unknown}
 F - 2 potions of cancellation {unknown}
 J - a potion of lignification {unknown}
 K - 3 potions of mutation {unknown}
 N - 2 potions of flight {unknown}
Books
 G - a book of Maledictions

   Spells                             Type                      Level
   a - Corona                         Hexes                        1
   b - Ensorcelled Hibernation        Hexes/Ice                    2
   c - Confuse                        Hexes                        3
   d - Tukima's Dance                 Hexes                        3
   e - Dazzling Spray                 Conjuration/Hexes            3
 U - a book of Transfigurations

   Spells                             Type                      Level
   a - Irradiate                      Conjuration/Transmutation    5
   b - Statue Form                    Transmutation/Earth          6
   c - Hydra Form                     Transmutation                6
   d - Dragon Form                    Transmutation                7
 W - a book of Conjurations

   Spells                             Type                      Level
   a - Magic Dart                     Conjuration                  1
   b - Searing Ray                    Conjuration                  2
   c - Dazzling Spray                 Conjuration/Hexes            3
   d - Fulminant Prism                Conjuration/Hexes            4
   e - Force Lance                    Conjuration/Translocation    4
   f - Iskenderun's Mystic Blast      Conjuration                  4
 Z - a book of Misfortune

   Spells                             Type                      Level
   a - Confusing Touch                Hexes                        1
   b - Confuse                        Hexes                        3
   c - Gell's Gravitas                Hexes/Translocation          3
   d - Petrify                        Transmutation/Earth          4
   e - Metabolic Englaciation         Hexes/Ice                    5
   f - Yara's Violent Unravelling     Hexes/Transmutation          5
Comestibles
 b - 6 royal jellies
 f - 9 bread rations
 C - 4 meat rations
 H - 5 fruits


   Skills:
 + Level 9.0 Fighting
 + Level 12.0 Maces & Flails
 + Level 9.9 Armour
 + Level 2.7 Dodging
 + Level 0.5 Stealth
 + Level 13.7 Shields
 + Level 0.2 Invocations


You had 11 spell levels left.
You didn't know any spells.

Dungeon Overview and Level Annotations

Branches:
Dungeon (13/15)            Temple (1/1) D:5            Lair (0/6) D:11
    Orc (0/2) D:12
 Vaults: D:13-14

Altars:
Ashenzari
Cheibriados
Dithmenos
Elyvilon
Fedhas
Gozag
Hepliaklqana
Kikubaaqudgha
Makhleb
Nemelex Xobeh
Okawaru
Qazlal
Ru
Sif Muna
Trog
Uskayaw
Vehumet
Xom
Yredelemnul
Zin
The Shining One
Beogh

Shops:
D:7 *   D:11 %

Annotations:
D:13 Kirke


Innate Abilities, Weirdness & Mutations

You are resistant to torment.
((Your stone body is resilient. (AC +8)))
You are immune to poison.
You resist negative energy. (rN+)
((You are resistant to electric shocks. (rElec)))
((You can survive without breathing.))
You are immune to petrification.
You are immune to rotting.


Message History

n - a scroll of teleportation The hog bites you.
Kirke says, "Odis was a nice man, you're awful."
There is a stone staircase leading up here.
Kirke whispers, "Not even holy moly will save you."
The hog bites you!
* * * LOW HITPOINT WARNING * * *
You climb upwards.
There is a stone staircase leading down here.
The hog bites you.
* * * LOW HITPOINT WARNING * * *
There is an open door here.
The hog bites you.
* * * LOW HITPOINT WARNING * * *
A centaur comes into view.
The centaur shouts!
The centaur wields a shortbow.
The centaur shoots an arrow.
The arrow misses you.
The centaur shoots an arrow.
The arrow hits you!
You die...

#..# #####...#### #.##
###....c.....#
##'#####....[.......#
#.....##[#..........#
#####.....##.#..........#
....'.....'..#..........#
#####.....####..........#
####'## #..........# #.#
#(.hh......# #.#
####.####### #.## #...#
#..# ###.# #####'##
###'#### #......# #...>..#
#####......### #......#
#...'......'.####......###
..###......#....#........#


You could see a hog and a centaur.

Vanquished Creatures
  A minotaur (Lab)
  5 two-headed ogres
  3 unseen horrors
  Pikel (D:7)
  A cyclops (D:12)
  A deep elf mage (D:13)
  4 ugly things
  4 gargoyles
  A queen bee (D:8)
  4 trolls
  Grinder (D:3)
  2 hippogriffs
  Sigmund (D:3)
  A shadow (D:11)
  A vampire (D:12)
  A wyvern (D:9)
  A vampire mosquito (D:12)
  2 hell hounds (D:11)
  13 orc warriors
  3 sky beasts
  2 ice beasts
  An eye of draining (D:11)
  A slave (D:7)
  5 black bears
  6 necrophages
  A phantom (D:6)
  6 ogres
  3 centaurs
  A big kobold (D:11)
  A crocodile (D:12)
  9 bullfrogs
  Blork the orc (D:5)
  A gnoll sergeant (D:10)
  2 wyvern skeletons (D:12)
  4 scorpions
  33 killer bees
  6 howler monkeys
  3 wights (D:9)
  3 bullfrog zombies
  7 crimson imps
  2 centaur zombies
  A quasit (D:11)
  3 bullfrog skeletons
  3 hounds
  2 gnoll shamans
  11 orc priests
  Crazy Yiuf (D:2)
  3 jellies (D:9)
  18 orc wizards
  3 centaur skeletons
  4 iguanas
  Natasha (thrice) (D:4)
  12 worker ants
  A worker ant zombie (D:9)
  25 gnolls
  2 howler monkey skeletons
  12 adders
  An ooze (D:1)
  2 adder zombies
  4 worms
  3 dart slugs
  7 leopard geckos
  73 orcs
  5 giant cockroaches
  11 hobgoblins
  14 jackals
  10 kobolds
  2 quokkas
  4 ball pythons
  11 bats
  9 frilled lizards
  10 goblins
  A leopard gecko skeleton (D:4)
  2 quokka skeletons (D:4)
  7 rats
429 creatures vanquished.

Vanquished Creatures (others)
  An orc wizard (D:5)
1 creature vanquished.

Grand Total: 430 creatures vanquished

Notes
Turn   | Place    | Note
-------+----------+-------------------------------------------
     0 | D:1      | polly the Gargoyle Fighter began the quest for the Orb.
     0 | D:1      | Reached XP level 1. HP: 14/14 MP: 1/1
    52 | D:1      | Reached XP level 2. HP: 12/19 MP: 2/2
   171 | D:1      | You fall through a shaft!
   171 | D:2      | Found a runed door.
   171 | D:2      | Noticed Crazy Yiuf
   173 | D:2      | Paralysed by Crazy Yiuf for 6 turns
   180 | D:2      | Killed Crazy Yiuf
   180 | D:2      | Reached XP level 3. HP: 3/24 MP: 3/3
   569 | D:2      | Reached XP level 4. HP: 29/29 MP: 4/4
  1458 | D:3      | Reached skill level 4 in Shields
  1598 | D:3      | Reached XP level 5. HP: 24/33 MP: 5/5
  1627 | D:3      | Noticed Sigmund
  1649 | D:3      | Killed Sigmund
  1649 | D:3      | Reached skill level 1 in Dodging
  1649 | D:3      | Reached XP level 6. HP: 15/38 MP: 6/6
  2160 | D:3      | Noticed Grinder
  2177 | D:3      | Paralysed by Grinder for 7 turns
  2186 | D:3      | Killed Grinder
  2186 | D:3      | Reached skill level 5 in Maces & Flails
  2186 | D:3      | Reached skill level 5 in Shields
  2186 | D:3      | Reached XP level 7. HP: 17/43 MP: 7/7
  2969 | D:4      | Found a deep blue altar of Sif Muna.
  2969 | D:4      | Found a radiant altar of Vehumet.
  3132 | D:4      | Noticed Natasha
  3138 | D:4      | Killed Natasha
  3227 | D:4      | Noticed Natasha
  3237 | D:4      | Killed Natasha
  3247 | D:4      | Reached XP level 8. HP: 47/48 MP: 8/8
  3592 | D:4      | Noticed Natasha
  3599 | D:4      | Killed Natasha
  3630 | D:4      | Reached skill level 6 in Shields
  3833 | D:4      | Reached skill level 5 in Armour
  4080 | D:5      | Entered Level 5 of the Dungeon
  4225 | D:5      | Noticed Blork the orc
  4234 | D:5      | Killed Blork the orc
  4305 | D:5      | Reached skill level 5 in Fighting
  4450 | D:5      | Reached XP level 9. HP: 52/54 MP: 9/9
  4472 | D:5      | Found a staircase to the Ecumenical Temple.
  4489 | Temple   | Entered the Ecumenical Temple
  4721 | Temple   | Became a worshipper of Warmaster Okawaru
  5106 | D:6      | Reached skill level 7 in Shields
  5141 | D:6      | Found a blossoming altar of Fedhas.
  5179 | D:6      | Reached * piety under Okawaru
  6015 | D:7      | Found Liniq's Assorted Antiques.
  6027 | D:7      | Bought a scroll labeled DAPLOAMOFU for 24 gold pieces
  6027 | D:7      | Bought a scroll labeled VIUFOK HIOGUGO for 24 gold pieces
  6027 | D:7      | Bought a blackened peridot amulet for 120 gold pieces
  6027 | D:7      | Bought a scroll labeled UTYCOFE ROADGH for 24 gold pieces
  6027 | D:7      | Bought a sedimented golden potion for 21 gold pieces
  6259 | D:7      | Noticed Pikel
  6312 | D:7      | Killed Pikel
  6312 | D:7      | Reached ** piety under Okawaru
  6312 | D:7      | Reached skill level 8 in Shields
  6509 | D:7      | Reached XP level 10. HP: 60/60 MP: 10/10
  6888 | D:8      | Noticed a two-headed ogre
  6944 | D:8      | Killed a two-headed ogre
  6944 | D:8      | Reached skill level 9 in Shields
  7048 | D:8      | Reached *** piety under Okawaru
  7406 | D:8      | Found a bloodstained altar of Trog.
  7582 | D:8      | Reached skill level 10 in Shields
  8025 | D:8      | Reached **** piety under Okawaru
  8787 | D:9      | Reached skill level 10 in Maces & Flails
  9223 | D:9      | Reached XP level 11. HP: 66/66 MP: 11/11
  9358 | D:9      | HP: 2/67 [something (6)]
  9366 | D:9      | Killed an unseen horror
  9880 | D:9      | Reached skill level 11 in Shields
 10134 | D:9      | Noticed a two-headed ogre
 10157 | D:9      | Killed a two-headed ogre
 10157 | D:9      | Reached ***** piety under Okawaru
 10514 | D:10     | Entered Level 10 of the Dungeon
 11528 | D:10     | Killed an unseen horror
 12615 | D:11     | Reached skill level 12 in Shields
 12743 | D:11     | Found a staircase to the Lair.
 12764 | D:11     | Reached ****** piety under Okawaru
 12805 | D:11     | Noticed a white ugly thing
 12805 | D:11     | Noticed a red ugly thing
 12868 | D:11     | Killed a cyan ugly thing
 12962 | D:11     | Killed a brown ugly thing
 13379 | D:11     | Found Foxkagre's Food Boutique.
 13488 | D:11     | Reached XP level 12. HP: 51/74 MP: 12/12
 13729 | D:11     | HP: 2/75 [something (13)]
 14302 | D:12     | Received a gift from Okawaru
 14305 | D:12     | Got a pair of pitted gloves {god gift}
 14311 | D:12     | Identified the +0 pair of gloves of Levity {rN+ MP-9 Int+3 Stlth+} (Okawaru gifted it to you on level 12 of the Dungeon)
 14423 | D:12     | Noticed a two-headed ogre
 14445 | D:12     | HP: 3/75 [two-headed ogre/giant club (12)]
 14450 | D:12     | Killed a two-headed ogre
 15345 | D:12     | Reached skill level 13 in Shields
 15612 | D:12     | Found a roughly hewn altar of Beogh.
 15622 | D:12     | Found a staircase to the Orcish Mines.
 16614 | D:13     | Noticed a two-headed ogre
 16633 | D:13     | Killed a two-headed ogre
 16652 | D:13     | Noticed a two-headed ogre
 16693 | D:13     | Killed a two-headed ogre
 16753 | D:13     | Found a labyrinth entrance.
 16763 | Lab      | Entered a labyrinth
 16897 | Lab      | Noticed a minotaur
 16922 | Lab      | Killed a minotaur
 16936 | Lab      | Got a steaming ivory amulet
 16936 | Lab      | Got an ancient golden ring
 17142 | D:13     | Noticed Kirke
 17177 | D:12     | Shot with an arrow by a centaur

Vault maps used:
D:1:      mrwooster_arrival_arrow
D:2:      kennysheep_generic_room_4, uniq_crazy_yiuf_cottage
D:3:      minmay_joined_circles, uniq_sigmund, uniq_grinder
D:4:      gammafunk_temple_overflow_elements, uniq_natasha
D:5:      temple_doors_e, first_bread, uniq_blork_the_orc
D:6:      fedhas_altar_2
D:7:      black_bear_nest_2, serial_shops, shop, uniq_pikel
D:8:      old_standard_altar, david_nohive_1, kennysheep_generic_room_14
D:11:     minmay_lair_entry_lava, serial_shops, kennysheep_mini_moat
D:12:     david_orc_5, serial_undead, serial_undead_d, serial_undead_e,
          serial_undead_e, serial_undead_e, minivault_19, spider_trap
D:13:     enter_bailey_7, lab_entry_generic, uniq_kirke
Temple:   dpeg_five_rooms_temple
Lab:      labyrinth_hidden_loot, nicolae_lab_starburst, nicolae_lab_statue,
          lab_hedge

Skill      XL: |  1  2  3  4  5  6  7  8  9 10 11 12 |
---------------+-------------------------------------+-----
Fighting       | 4 5 6 8 9 |  9.0
Maces & Flails | 3 4 5 6 7 9 10 11 12 | 12.0
Shields        | 4 5 6 8 10 12 13 | 13.7
Armour         | 4 5 6 7 8 9 |  9.9
Dodging        | 1 2 |  2.7
Stealth        | |  0.5
Invocations    | |  0.2

Action                   |  1- 3 |  4- 6 |  7- 9 | 10-12 || total
-------------------------+-------+-------+-------+-------++-------
Melee: Flail             |    94 |   258 |   559 |       ||   911
       Whip              |       |       |    15 |  2513 ||  2528
Invok: Heroism           |       |       |       |     1 ||     1
  Use: Potion            |       |       |     1 |    10 ||    11
       Scroll            |       |       |     1 |    20 ||    21
  Eat: Chunk             |       |     4 |    15 |    27 ||    46
       Royal jelly       |       |       |       |     5 ||     5
Armor: Scale mail        |    63 |   126 |   107 |       ||   296
       Plate armour      |       |       |   240 |  1276 ||  1516
Dodge: Dodged            |    29 |    80 |   148 |   455 ||   712
Block: Shield            |    65 |   109 |   317 |  1375 ||  1866
